[Event "*** SCC Grand Prix: Titled Tuesday Blitz"]
[Site "Chess.com"]
[Date "2020.07.07"]
[Round "3"]
[White "NewBornNow"]
[Black "Andreikka"]
[Result "1/2-1/2"]
[WhiteElo "2661"]
[BlackElo "2916"]
[TimeControl "180+1"]
[EndTime "10:31:13 PDT"]
[Termination "Game drawn by agreement"]

1. e4 d5 2. exd5 Qxd5 3. Nc3 Qa5 4. d4 Nf6 5. Bc4 c6 6. Bd2 Bf5 7. Nd5 Qd8 8. Nxf6+ gxf6 9. Nf3 e6 10. Bb3 Nd7 11.
Qe2 Qc7 12. O-O-O Bd6 13. Nh4 Bg6 14. g3 O-O-O 15. c4 c5 16. d5 exd5 17. Nxg6 hxg6 18. cxd5 Rhe8 19. Qf1 Ne5 20. f4 Ng4 21. Qf3 f5 22. Bc2 Re7 23. h3 Nf6 24. Rhe1 Rde8 25. Rxe7 Rxe7 26. Re1 Rxe1+ 27. Bxe1 Qe7 28. Bc3 Ne4 29.
g4 Nxc3 30. bxc3 fxg4 31. hxg4 Qf6 32. f5 g5 33. Kb2 Be5 34. a4 Qb6+ 35. Kc1 a6 36.
Qd3 Kb8 37. Kd1 f6 38. d6 Bxd6 39. Qd5 Be5 40. Kd2 Qa5 41. Qc4 Qd8+ 42. Bd3 Qd6 43.
Kc2 Bf4 44. Kb3 Ka7 45. Kc2 Be3 46. Qe4 Qh2+ 47. Kb3 Qd2 48. Bc2 Bf4 49. Qd3 Qf2 50.
Qc4 Be5 51. Be4 Qe3 52. Qd3 Qc1 53. Qc2 Qa1 54. Qd3 Qc1 55. Qc2 Qe3 56. Qd3 Qg1 57. Bf3 c4+ 58. Kxc4 Qb6 59. Qd5 Qc7+ 60. Kd3 Qxc3+ 61. Ke2 Qb2+ 62. Kf1 Bf4 63. Qc5+ Ka8 64. Qd5 Bb8 65. Qe4 Qc1+ 66. Kg2 Qc7 67. Be2 Qg3+ 68. Kf1 Ka7 69. Bf3 Qc7 70. Qd4+ Qb6 71. Qxb6+ Kxb6 72. Ke2 Be5 73. Kd3 Kc7 74. Kc4 b6 75. Kd5 b5 76.
axb5 axb5 77. Kc5 b4 78. Kxb4 Kd6 79. Kc4 Bf4 80. Kd3 Be5 81. Ke2 Bf4 82. Bg2 Be5 1/2-1/2

[Event "*** SCC Grand Prix: Titled Tuesday Blitz"]
[Site "Chess.com"]
[Date "2020.07.07"]
[Round "3"]
[White "snap_man"]
[Black "KejJaj"]
[Result "1-0"]
[WhiteElo "2295"]
[BlackElo "2015"]
[TimeControl "180+1"]
[EndTime "10:31:16 PDT"]
[Termination "snap_man won by resignation"]

1. Nf3 f5 2. g3 Nf6 3. b3 e6 4.
Bb2 d5 5. Bg2 Be7 6. O-O O-O 7. d3 c6 8. Nbd2 Nbd7 9. Re1 Qc7 10. e4 f4 11. exd5 fxg3 12. hxg3 Nxd5 13. c4 Nb4 14. Ne4 Nf6 15. Nxf6+ Bxf6 16. Bxf6 Rxf6 17. a3 Na6 18. d4 Bd7 19. Ne5 Be8 20. Qg4 Rd8 21.
Re3 Nb8 22. Rae1 Nd7 23. Nd3 Nf8 24. Nc5 Qf7 25. Nxe6 Nxe6 26. Rxe6 Rxe6 27. Rxe6 Bd7 28. d5 Bxe6 29. dxe6 Qe7 30. Qe4 Rd6 31. Bh3 g6 32. f4 a5 33. b4 axb4 34. axb4 Rd1+ 35. Kh2 Rd2+ 36. Bg2 Rd6 37. Bh3 Rd2+ 38. Bg2 Kf8 39. b5 cxb5 40. cxb5 Rd6 41. Bh3 Kg8 42. Qe5 Rd2+ 43.
Bg2 Rd6 44. Bh3 Rd2+ 45. Bg2 Rd6 46. Bd5 b6 47. Kh3 h6 48. Kg2 Kh7 49. Kh2 h5 50. Kh3 Rd8 51. Be4 Rc8 52. Qxh5+ Kg8 53. Qxg6+ Qg7 54. Qxg7+ Kxg7 55. Kg4 Kf6 56. f5 Rg8+ 57. Kf4 Rg7 58. g4 Rg8 59. g5+ Rxg5 60. Bd3 Rg8 61. Bc4 Rd8 62. Be2 Rd4+ 63. Ke3 Rc4 64. Bxc4 Ke7 65.
Ke4 Kf6 66. Kf4 Ke7 67. Kg4 Kf6 68. Kf4 Ke7 69. f6+ Kxf6 70. Ke4 Ke7 71. Kd5 Kf6 72.
Kc6 Ke7 73. Kxb6 Kd8 74. Ka7 Ke7 75. b6 Kd8 76. b7 Kc7 77. b8=Q+ Kc6 78. Qc7+ Kxc7 79.
Ka6 Kd6 80. Kb5 Ke7 81. Kc5 Kd8 82. Kd5 Ke8 83. Ke5 Ke7 84. Kf5 Ke8 85. Kf6 Kf8 86. e7+ Ke8 87. Bf7+ Kd7 88. e8=Q+ 1-0

[Event "*** SCC Grand Prix: Titled Tuesday Blitz"]
[Site "Chess.com"]
[Date "2020.07.07"]
[Round "3"]
[White "ZverevLev"]
[Black "viktorskliarov"]
[Result "1/2-1/2"]
[WhiteElo "2350"]
[BlackElo "2525"]
[TimeControl "180+1"]
[EndTime "10:31:18 PDT"]
[Termination "Game drawn by repetition"]

1. e4 c5 2. Nf3 Nc6 3. d4 cxd4 4.
Nxd4 Nf6 5. Nc3 e5 6. Ndb5 d6 7. Bg5 a6 8. Na3 b5 9. Bxf6 gxf6 10. Nd5 f5 11. g3 Bg7 12. Bg2 O-O 13. exf5 Bxf5 14.
Ne3 Nd4 15. Nxf5 Nxf5 16. Qd3 e4 17. Bxe4 Bxb2 18. Rb1 Bxa3 19. Bxf5 Re8+ 20. Kf1 Bc5 21. Bxh7+ Kg7 22. Be4 Qf6 23. f3 Rad8 24. f4 d5 25. Bf3 Re3 26. Qd1 d4 27. Kg2 d3 28. Rb3 d2 29. Rxe3 Bxe3 30. Qe2 Qc3 31. Be4 Kf8 32. Rd1 Re8 33. Bd3 b4 34. Qh5 a5 35. Qh6+ Ke7 36. Qg5+ Kf8 37. Qh6+ Ke7 38. h3 Rc8 39. Qg5+ Ke8 40. Qg8+ Ke7 41. Qg5+ Kf8 42. Qe5 Qxe5 43. fxe5 Rc5 44. Kf3 Rxe5 45. g4 Bh6 46. Be4 Rc5 47.
h4 Rc3+ 48. Bd3 f6 49. Ke4 Kg7 50. Kf5 Rc7 51. Ke4 Rc5 52. Kf3 Re5 53. Kf2 Be3+ 54. Kf3 Bh6 55. Be4 a4 56. Bd3 Re3+ 57. Kf2 Rh3 58. g5 fxg5 59. Rxd2 Rh2+ 60. Ke1 Rxd2 61. Kxd2 gxh4+ 62. Ke2 Kf6 63. Be4 Ke5 64. Kd3 a3 65. Bh1 Bc1 66. Kc4 Bd2 67. Kd3 Bc3 68. Ke3 Bb2 69. Kf3 Kf5 70. Kf2 Kg4 71. Bd5 Kf4 72.
Kg2 Bd4 73. Bb3 Kg4 74. Kh1 Kg3 75. Ba4 h3 76. Bb3 Be5 77. Ba4 h2 78. Bb3 Kf2 79. Ba4 Ke3 80. Bb3 Kd2 81. Kg2 Kc3 82. Kh1 Bd6 83.
Kg2 Be5 84. Kh1 Bd6 85. Kg2 Be5 1/2-1/2

[Event "*** SCC Grand Prix: Titled Tuesday Blitz"]
[Site "Chess.com"]
[Date "2020.07.07"]
[Round "3"]
[White "Witik"]
[Black "penguingm1"]
[Result "1-0"]
[WhiteElo "2658"]
[BlackElo "2879"]
[TimeControl "180+1"]
[EndTime "10:31:19 PDT"]
[Termination "Witik won by checkmate"]

1. d4 d5 2. c4 e6 3. Nf3 Nf6 4.
Nc3 Be7 5. Bf4 O-O 6. e3 b6 7.
cxd5 Nxd5 8. Bg3 Bb7 9. Bd3 c5 10. O-O Nc6 11. Rc1 cxd4 12. exd4 Rc8 13. Re1 h6 14.
Bb1 Nf6 15. a3 Na5 16. Ne5 a6 17. Qd3 Nb3 18. Rcd1 Re8 19. Ba2 Nxd4 20. Qxd4 Qxd4 21. Rxd4 Bxa3 22. bxa3 Rxc3 23. a4 Ra3 24. Bb1 Bd5 25. h3 Rc8 26. Bd3 a5 27. Rb1 Rcc3 28. Bf1 Rcb3 29. Rxb3 Rxb3 30. Bb5 Rb1+ 31. Kh2 Ne4 32.
Nd7 Nc3 33. Nxb6 Nxb5 34. axb5 Rxb5 35. Nxd5 exd5 36. Ra4 Rc5 37. Bf4 f6 38. Be3 Rb5 39. Bd2 Rb2 40. Be3 Rb5 41. Kg3 Kf7 42. f3 h5 43. h4 Kg6 44. Bd2 Rb2 45. Bxa5 Rb5 46.
Be1 Kf5 47. Bf2 g6 48. Ra6 Rb4 49. Rd6 Ke5 50. Rd8 Rc4 51. Re8+ Kf5 52. Rd8 Ke5 53. Ba7 Rc6 54. Re8+ Kf5 55. Bd4 Rc4 56. Bf2 Rc2 57.
Rd8 Ke6 58. Be3 Rc3 59. Bf4 Rc4 60. Rd6+ Ke7 61. Rxd5 Ke6 62. Ra5 Rb4 63. Ra6+ Kf5 64. Bd2 Rc4 65. Be3 Ke5 66. Ra5+ Ke6 67. Ra6+ Kf5 68.
Ba7 Rb4 69. Bc5 Rb7 70. Rc6 g5 71. Bd4 Rf7 72. Rd6 Kg6 73. hxg5 Kxg5 74. Rd5+ Kg6 75. Kf4 Rc7 76. Rd6 Rf7 77. g3 Rf8 78. g4 hxg4 79.
fxg4 Rf7 80. g5 Rb7 81. Rxf6+ Kh7 82. Rh6+ Kg8 83. Rh8+ Kf7 84. Rh7+ Kg6 85. Rxb7 Kh5 86. Kf5 Kh4 87. g6 Kh5 88. g7 Kh6 89. Kf6 Kh7 90. g8=Q+ Kh6 91. Qh8# 1-0

[Event "*** SCC Grand Prix: Titled Tuesday Blitz"]
[Site "Chess.com"]
[Date "2020.07.07"]
[Round "3"]
[White "pedromartinez91"]
[Black "kuban1991"]
[Result "1/2-1/2"]
[WhiteElo "2541"]
[BlackElo "2764"]
[TimeControl "180+1"]
[EndTime "10:31:20 PDT"]
[Termination "Game drawn - insufficient material"]

1. e4 e6 2. d4 d5 3. Nc3 Bb4 4. Qd3 dxe4 5. Qxe4 Nf6 6. Qh4 b6 7. Bb5+ c6 8. Bd3 Bb7 9. Nf3 Nbd7 10. O-O Be7 11. Qg3 g6 12. Bh6 Nh5 13. Qh3 Qc7 14. a4 Nf4 15. Bxf4 Qxf4 16. Rfe1 O-O 17. a5 c5 18. Be4 Rab8 19. axb6 axb6 20. Ra7 Bc8 21. d5 Nf6 22. g3 exd5 23. gxf4 Bxh3 24. Nxd5 Bd8 25.
Nxf6+ Bxf6 26. Ne5 Bxe5 27. fxe5 Be6 28. Rd1 Rfd8 29.
Rxd8+ Rxd8 30. Ra8 Rxa8 31. Bxa8 g5 32. Kg2 Kg7 33. Be4 h6 34. Kg3 b5 35. f4 b4 36. f5 Ba2 37. c3 h5 38. Bf3 Kh6 39. Be4 Bc4 40. h4 Bb3 41. Bd3 Bd5 42. cxb4 cxb4 43.
Bc2 Bc4 44. Be4 Bb3 45. Bd3 Bd5 46. Bc2 Bc4 47. Bb1 Bd5 48. Bd3 Ba2 49. Be4 Bc4 50.
Bc2 Bd5 51. Bb1 Bc4 52. Bc2 Bd5 53. Bd1 Be4 54. e6 fxe6 55. fxe6 gxh4+ 56. Kxh4 Kg7 57. Bxh5 Kf6 58. Bg4 Bd5 59. Kg3 Bxe6 60. Be2 Ke5 61. Kf2 Kd4 62. Ke1 Bc4 63. Bd1 Kd3 64. Ba4 Kd4 65.
Kd2 Bd5 66. Kc1 Bc4 67. Be8 Bd5 68. Ba4 Bc4 69. Bd1 Bd5 70. Kd2 Bc4 71. Bf3 Bd5 72. Bh5 Bc4 73. Bg6 Bd5 74. Bd3 Bc4 75. Bb1 Bd5 76. Bd3 Bc4 77. Bb1 Bd5 78. Bc2 Bc4 79.
Bd1 Bd5 80. b3 Bxb3 81. Bxb3 Kc5 82. Kd3 Kd6 83. Bc4 Ke7 84. Kc2 Kf6 85. Kb3 Ke5 86. Kxb4 1/2-1/2

[Event "*** SCC Grand Prix: Titled Tuesday Blitz"]
[Site "Chess.com"]
[Date "2020.07.07"]
[Round "3"]
[White "SaqoChess_Twitch"]
[Black "vpsetter"]
[Result "1/2-1/2"]
[WhiteElo "2419"]
[BlackElo "2615"]
[TimeControl "180+1"]
[EndTime "10:31:26 PDT"]
[Termination "Game drawn - insufficient material"]

1. d4 Nf6 2. c4 e6 3. Nc3 Bb4 4. a3 Bxc3+ 5. bxc3 d6 6. e3 O-O 7. Bd3 e5 8. Ne2 Re8 9. Ng3 c5 10. O-O Nc6 11. d5 Na5 12. f4 e4 13. Bb1 Nxc4 14.
Nh5 Nxh5 15. Qxh5 Qf6 16. Ra2 Qxc3 17. Rc2 Qb3 18. f5 Re5 19. Qg5 f6 20. Qh5 Nxe3 21. Bxe3 Qxe3+ 22. Rcf2 Bd7 23. h4 Rxf5 24. Qd1 Rxf2 25.
Rxf2 Qd4 26. Qe1 Re8 27. g3 Qxd5 28. Ba2 c4 29. Rd2 Qc5+ 30. Kh2 e3 31. Rc2 b5 32.
Qe2 d5 33. a4 a6 34. axb5 axb5 35. h5 d4 36. h6 Qf5 37. Rxc4 bxc4 38. Qxc4+ Be6 39. Qc7 Qh3+ 40. Kg1 Qxh6 41. Qd7 Qg6 42. Bxe6+ Rxe6 43. Qxe6+ Qf7 44. Qc8+ Qf8 45. Qd7 e2 46. Kf2 Kh8 47. Qxd4 Qe8 48. Ke1 h5 49. Qd5 Qe5 50.
Qa8+ Kh7 51. Qf3 Kh6 52. Qb3 g5 53. Qf3 g4 54. Qd3 Kg5 55. Qd2+ Kg6 56. Qd3+ Kh6 57. Qd2+ Kg7 58. Qd7+ Kg6 59. Qd3+ f5 60. Qa6+ Kg5 61.
Qd3 h4 62. Qd8+ Kg6 63. gxh4 f4 64. Qg8+ Kf5 65. Qh7+ Ke6 66. Qg6+ Kd5 67. Qxg4 Qc3+ 68.
Kxe2 Qe3+ 69. Kf1 Qc1+ 70. Kg2 Qd2+ 71. Kf1 Qd3+ 72. Kg2 Qd2+ 73. Kg1 Qe3+ 74. Kh2 Qf2+ 75. Qg2+ Qxg2+ 76. Kxg2 Ke4 77. Kf2 Kf5 78. Kf3 Kg6 79. Kxf4 Kh5 80. Kg3 Kh6 81. Kg4 Kh7 82. h5 Kh6 83.
Kh4 Kh7 84. Kg5 Kh8 85. h6 Kh7 86. Kh5 Kh8 87. Kg6 Kg8 88. h7+ Kh8 89. Kf5 Kxh7 1/2-1/2

[Event "*** SCC Grand Prix: Titled Tuesday Blitz"]
[Site "Chess.com"]
[Date "2020.07.07"]
[Round "3"]
[White "Glidzhian_Gor"]
[Black "Supernotar"]
[Result "1-0"]
[WhiteElo "2463"]
[BlackElo "2802"]
[TimeControl "180+1"]
[EndTime "10:31:28 PDT"]
[Termination "Glidzhian_Gor won by checkmate"]

1. e4 c6 2. d4 d5 3. Nc3 dxe4 4. Nxe4 Bf5 5. Ng3 Bg6 6. h4 h6 7. Nh3 e6 8. Nf4 Bh7 9. Bc4 Nf6 10. O-O Nd5 11.
Bxd5 cxd5 12. Qg4 Nc6 13. c3 Qd7 14. b4 O-O-O 15. b5 Na5 16. Qf3 Qxb5 17. a4 Qc6 18. Be3 Nc4 19. a5 Bd6 20. a6 b6 21. Nfh5 Qc7 22. Nxg7 Rdg8 23. N7h5 f5 24. Bxh6 Rg4 25. Bg5 Bg6 26. Nf6 Rxg5 27. hxg5 Nd2 28. Qe3 Nxf1 29.
Kxf1 Bf7 30. g6 Bxg3 31. fxg3 Rh1+ 32. Kf2 Rxa1 33. gxf7 Qxf7 34. Qe5 Ra2+ 35. Kf3 Rxa6 36. g4 fxg4+ 37. Kg3 b5 38. Nxg4 Rc6 39. Qh8+ Kb7 40. Qh6 Rxc3+ 41. Kh2 Qc7+ 42. Ne5 Re3 43. Qxe3 b4 44.
Qb3 a5 45. Qa4 Kb6 46. Kg1 Qc3 47. Nf3 b3 48. Qa3 Kb5 49. Kh2 a4 50. Qd6 b2 51.
Qd7+ Kc4 52. Qxa4+ Kd3 53. Qd1+ Kc4 54. Qa4+ Kd3 55.
Qd1+ Ke3 56. Qg1+ Ke4 57. Qd1 Qc1 58. Qe2+ Kf5 59. Qe5+ Kg6 60. Qxe6+ Kg7 61. Qe7+ Kg8 62. Qd8+ Kg7 63. Qd7+ Kh8 64. Qd8+ Kh7 65. Qd7+ Kg8 66. Qxd5+ Kf8 67. Qd6+ Kg8 68. Qg6+ Kf8 69. Ne5 Qf4+ 70. g3 Qf2+ 71. Kh3 Ke7 72. Qh7+ Kf8 73. Qh8+ Ke7 74. Qg7+ Ke8 75. Qd7+ Kf8 76. Qd8+ Kg7 77. Qc7+ Kg8 78.
Qc4+ Kg7 79. Qc7+ Kg8 80. Qd8+ Kg7 81. Qg5+ Kf8 82. Qh6+ Ke7 83. Qh7+ Ke8 84. Kg4 Qe2+ 85. Nf3 Qe4+ 86. Qxe4+ Kd8 87. Qb1 Kc7 88. Qxb2 Kd6 89.
Qb4+ Kd7 90. Qc5 Kd8 91. Qa7 Ke8 92. Ne5 Kd8 93. Qd7# 1-0

[Event "*** SCC Grand Prix: Titled Tuesday Blitz"]
[Site "Chess.com"]
[Date "2020.07.07"]
[Round "3"]
[White "KobyKalavannan"]
[Black "MrChampion_Coach"]
[Result "1-0"]
[WhiteElo "2632"]
[BlackElo "2411"]
[TimeControl "180+1"]
[EndTime "10:31:30 PDT"]
[Termination "KobyKalavannan won by checkmate"]

1. d4 c5 2. Nf3 cxd4 3. Nxd4 e5 4. Nf3 Nc6 5. e4 Nf6 6. Bd3 Bb4+ 7. c3 Bc5 8. Nbd2 h6 9. Nc4 O-O 10. O-O d5 11. exd5 Qxd5 12. b4 e4 13. bxc5 exd3 14. Nd6 Rd8 15. Be3 Bg4 16. h3 Bxf3 17. Qxf3 Qxf3 18. gxf3 b6 19. Rfd1 bxc5 20. Bxc5 Ne5 21. f4 Nf3+ 22. Kg2 Nh4+ 23. Kg3 g5 24. fxg5 hxg5 25.
Rxd3 Ne4+ 26. Nxe4 Rxd3+ 27. Kg4 f5+ 28. Kxg5 Nf3+ 29.
Kxf5 Re8 30. Nf6+ Kf7 31. Nxe8 Rd5+ 32. Ke4 Rxc5 33. Nd6+ Ke6 34. Kxf3 Rxc3+ 35. Kg4 Kxd6 36. f4 Ke6 37. Re1+ Kf7 38. Re4 Ra3 39. Re2 Kf6 40. Rc2 Ra4 41. h4 Kg6 42. h5+ Kh6 43. Rc6+ Kh7 44. Rc2 Kh6 45. Rf2 Ra5 46. Rh2 Ra4 47.
Rc2 Kh7 48. Kg5 Ra3 49. Rc7+ Kg8 50. Rc2 Ra6 51. f5 Kh7 52. Rc7+ Kg8 53. Rc2 Kh7 54. Rg2 Kg7 55. Rb2 Kh7 56. Rb7+ Kg8 57. f6 Rxa2 58. Kg6 Rg2+ 59. Kf5 Rf2+ 60. Ke5 Re2+ 61. Kd5 Rf2 62. Rg7+ Kh8 63. Ke6 Re2+ 64. Kf7 Rh2 65. Rg5 a5 66. Kg6 Rb2 67. Rf5 Rg2+ 68. Rg5 Rb2 69. Rxa5 Rg2+ 70.
Kh6 Rg8 71. Ra7 Rf8 72. Rh7+ Kg8 73. Rg7+ Kh8 74. Rg6 Rf7 75. Kg5 Kh7 76. Kf5 Kh8 77.
Ke6 Ra7 78. f7 Ra6+ 79. Ke7 Ra7+ 80. Kf6 Ra6+ 81. Kg5 Rxg6+ 82. hxg6 Kg7 83. Kf5 Kf8 84. Ke6 Kg7 85. Ke7 Kxg6 86. f8=Q Kg5 87. Qf3 Kh4 88. Qg2 Kh5 89. Kf6 Kh4 90. Kf5 Kh5 91. Qh3# 1-0

[Event "*** SCC Grand Prix: Titled Tuesday Blitz"]
[Site "Chess.com"]
[Date "2020.07.07"]
[Round "3"]
[White "Anton_Demchenko"]
[Black "ZAbdumalik"]
[Result "1/2-1/2"]
[WhiteElo "2866"]
[BlackElo "2588"]
[TimeControl "180+1"]
[EndTime "10:31:54 PDT"]
[Termination "Game drawn - insufficient material"]

1. d4 Nf6 2. Nf3 g6 3. Bf4 Bg7 4. c3 d6 5. Nbd2 c5 6. dxc5 dxc5 7. e4 O-O 8. h3 Nc6 9. Qc2 b6 10. Be2 Bb7 11. Rd1 Qc8 12. O-O Rd8 13. Rfe1 h6 14. Bh2 Ba6 15. Bxa6 Qxa6 16. e5 Nh7 17. e6 f5 18. Bc7 Rdc8 19. Be5 Nxe5 20. Nxe5 Nf8 21. Ndf3 b5 22. Nxg6 Nxg6 23. Qxf5 Nh8 24. Rd7 Rf8 25. Qg4 Rae8 26. a3 Qa4 27. Re4 Qc2 28. Rd2 Qb1+ 29. Re1 Qf5 30. Rd7 Qxg4 31. hxg4 a5 32. Nh4 Bf6 33. Nf5 Kh7 34. f3 Ng6 35. g3 Ne5 36.
Rxe5 Bxe5 37. Nxe7 Rxf3 38. Nf5+ Kh8 39. e7 Bf6 40. Kg2 Rxf5 41. gxf5 Rxe7 42. Rd5 Rc7 43. Kf3 h5 44. Kf4 Kg7 45. Rd6 b4 46. cxb4 axb4 47.
axb4 cxb4 48. b3 Kf7 49. Rb6 Be7 50. Ke5 Rc3 51. Rb7 Rc5+ 52. Kf4 Rc3 53. Ke5 Rxb3 54.
f6 Re3+ 55. Kf4 Re6 56. fxe7 Rxe7 57. Rxb4 Kg7 58. Rb5 Kg6 59. Rb6+ Kg7 60. Kg5 Re5+ 61. Kh4 Rd5 62. Rc6 Re5 63. Ra6 Rb5 64. Re6 Rc5 65. Rd6 Rb5 66. Rd4 Kg6 67. Rd6+ Kg7 68. Re6 Ra5 69.
Re3 Kg6 70. Re6+ Kg7 71. Rb6 Rc5 72. Rb8 Kg6 73. Rg8+ Kh6 74. Kh3 Ra5 75. Rh8+ Kg5 76. Rb8 Ra4 77. Rb6 Kf5 78. Rb5+ Kg6 79. Rc5 Rb4 80.
Rd5 Ra4 81. Rd3 Kg5 82. Rd5+ Kg6 83. Re5 Rb4 84. Kg2 Ra4 85. Kf3 Rb4 86. Rd5 Ra4 87.
Rc5 Rb4 88. Rc8 Ra4 89. Rg8+ Kf5 90. Rh8 Kg5 91. Kg2 Ra2+ 92. Kh3 Ra4 93. Rg8+ Kh6 94. Rf8 Kg6 95. Rf4 Rxf4 96. gxf4 Kf5 97. Kh4 Kxf4 98. Kxh5 1/2-1/2

[Event "*** SCC Grand Prix: Titled Tuesday Blitz"]
[Site "Chess.com"]
[Date "2020.07.07"]
[Round "3"]
[White "gumimis"]
[Black "chess94cu"]
[Result "1-0"]
[WhiteElo "2183"]
[BlackElo "2606"]
[TimeControl "180+1"]
[EndTime "10:32:00 PDT"]
[Termination "gumimis won on time"]

1. e4 e5 2. Nf3 Nc6 3. Bb5 a6 4.
Ba4 Nf6 5. O-O Be7 6. Re1 b5 7. Bb3 d6 8. c3 O-O 9. h3 Bb7 10. d4 Re8 11. Nbd2 Bf8 12. d5 Nb8 13. a4 Nbd7 14. Qe2 c6 15. dxc6 Bxc6 16. Ng5 Re7 17. Ndf3 bxa4 18. Bxf7+ Rxf7 19. Nxf7 Qb6 20. Be3 Qb5 21.
c4 Qb7 22. N7g5 h6 23. Ne6 Be7 24. g4 Bxe4 25. Nd2 Bc6 26. g5 hxg5 27. Nxg5 Qxb2 28. Kh2 Qc2 29. Rg1 Qf5 30. Ndf3 Ne4 31. Nh4 Qf6 32.
Nxe4 Qxh4 33. Rg4 Qh7 34. Rag1 Bxe4 35. Rxg7+ Qxg7 36. Rxg7+ Kxg7 37. Qg4+ Kf7 38. Qxe4 Rb8 39. Qh7+ Ke6 40. Qc2 a3 41. Qa2 d5 42. cxd5+ Kf5 43.
Bc1 Rb5 44. Bxa3 Bxa3 45. Qxa3 Rxd5 46. Qf3+ Ke6 47. Qg4+ Kd6 48. Qg6+ Kc5 49. Qxa6 Rd6 50. Qa3+ Kd5 51. Qb3+ Ke4 52. Kg3 Nf6 53. Qe3+ Kf5 54.
Qf3+ Ke6 55. h4 e4 56. Qb3+ Kf5 57. Qb5+ Rd5 58. Qb7 Rd3+ 59. Kg2 Ng4 60. Qf7+ Ke5 61. Qg7+ Kf5 62. h5 Rd2 63. Qg6+ Kf4 64. Qf7+ Kg5 65.
Qg6+ Kf4 66. h6 Rxf2+ 67. Kg1 Rf3 68. h7 Rg3+ 69. Kf1 Ne3+ 70. Ke2 Rxg6 71. h8=Q Rg2+ 72. Ke1 Ng4 73. Qf8+ Kg3 74. Qd6+ Kf3 75. Qf8+ Ke3 76. Qa3+ Kf4 77. Qf8+ Kg3 78. Qd6+ Kh4 79. Qe7+ Kh3 80. Qxe4 Rg3 81. Qh7+ Kg2 82. Qe4+ Kh3 83. Qh7+ Kg2 84.
Qe4+ Kh2 85. Qh7+ Kg1 86. Qa7+ 1-0

[Event "*** SCC Grand Prix: Titled Tuesday Blitz"]
[Site "Chess.com"]
[Date "2020.07.07"]
[Round "3"]
[White "ViktoriyaTarasova"]
[Black "MathiasWomacka"]
[Result "1-0"]
[WhiteElo "2253"]
[BlackElo "2427"]
[TimeControl "180+1"]
[EndTime "10:32:29 PDT"]
[Termination "ViktoriyaTarasova won on time"]

1. d4 Nf6 2. c4 e6 3. Nc3 Bb4 4. Nf3 c5 5. g3 cxd4 6. Nxd4 O-O 7. Bg2 d5 8. cxd5 Nxd5 9. Qb3 Bc5 10. Nf3 Nc6 11.
O-O Nxc3 12. Qxc3 Be7 13. Bf4 Qb6 14. a3 Bf6 15. Be5 Nxe5 16. Nxe5 Qb5 17. f4 Qxe2 18.
Rfe1 Qa6 19. Rac1 Qb6+ 20. Kh1 a5 21. Qe3 Qxe3 22. Rxe3 Rb8 23. Rc7 b5 24. g4 g5 25.
fxg5 Bxg5 26. Re2 Bf6 27. Nc6 Rb6 28. Nxa5 b4 29. a4 Ba6 30. Rec2 b3 31. Rf2 Be5 32. Rc1 Rb4 33. Nc6 Bd4 34. Nxb4 Bxf2 35. Nxa6 Rd8 36. h3 Rd2 37. Rb1 Bd4 38. Bf1 Bxb2 39. Bc4 Be5 40. Bxb3 Rh2+ 41. Kg1 Rxh3 42. a5 Rc3 43. Kg2 Rd3 44. Nb4 Rd2+ 45. Kf3 Bd4 46. Ke4 Ba7 47. Nc6 Bc5 48. a6 Kg7 49. a7 Bxa7 50. Nxa7 Rf2 51. Nc6 Kg6 52. Ne5+ Kg5 53. Rh1 f5+ 54. gxf5 exf5+ 55. Kd3 Kf4 56. Nc4 Rf3+ 57. Kc2 Kg3 58. Nd2 Rf2 59.
Rg1+ Kf4 60. Rg7 h5 61. Rh7 Kg5 62. Kd3 h4 63. Bd5 Rg2 64. Bxg2 Kg4 65. Nf3 f4 66. Rxh4+ Kg3 67. Rg4+ Kxg4 68. Ke2 Kf5 69. Kf2 Ke6 70. Bf1 Kd6 71. Kg2 Ke6 72. Kh3 Kd6 73. Kg4 Ke6 74. Kxf4 Kd5 75. Bh3 Kd6 76. Bf5 Kd5 77. Be4+ Kd6 78.
Ne5 Ke6 79. Bf5+ Kd6 80. Nf7+ Kc5 81. Ke4 Kc4 82. Be6+ Kc3 83. Ne5 Kc2 84. Bg4 Kc3 85. Nf3 Kc2 86. Ke3 Kc3 87. Bf5 Kc4 88. Bd3+ Kc3 89. Nd4 Kb4 90. Kd2 Ka3 91. Kc3 Ka2 92. Bc2 Ka1 93. Nb3+ Ka2 94. Nc1+ Ka1 95. Ne2 Ka2 96. Nd4 Ka1 97. Bb3 Kb1 98. Nc2 Kc1 99. Bc4 Kb1 100. Kb3 Kc1 101. Bd3 Kb1 102. Be4 Kc1 103. Na3 Kd2 104. Kc4 Ke3 105. Kd5 Kd2 106. Kd4 Kc1 107.
Nc4 1-0

[Event "*** SCC Grand Prix: Titled Tuesday Blitz"]
[Site "Chess.com"]
[Date "2020.07.07"]
[Round "4"]
[White "HarryCun"]
[Black "ClassyEl"]
[Result "0-1"]
[WhiteElo "2190"]
[BlackElo "2464"]
[TimeControl "180+1"]
[EndTime "10:34:04 PDT"]
[Termination "ClassyEl won by resignation"]

1. Nf3 d5 2. g3 Nf6 3. Bg2 c6 4. O-O Bg4 5. d3 Nbd7 6. Nbd2 e5 7. h3 Bh5 8. g4 Bg6 9. e4 dxe4 10. dxe4 Bc5 11. Nc4 Qc7 12. Be3 Bxe3 13. Nd6+ Ke7 14. fxe3 Qxd6 15. Qxd6+ Kxd6 0-1

[Event "*** SCC Grand Prix: Titled Tuesday Blitz"]
[Site "Chess.com"]
[Date "2020.07.07"]
[Round "4"]
[White "queen_iryna"]
[Black "Joseacorrea"]
[Result "1-0"]
[WhiteElo "2257"]
[BlackElo "1908"]
[TimeControl "180+1"]
[EndTime "10:34:44 PDT"]
[Termination "queen_iryna won by checkmate"]

1. d4 e6 2. Nc3 f5 3. e4 fxe4 4. Nxe4 Nf6 5. Bg5 Be7 6. Bxf6 Bxf6 7. Nf3 O-O 8. Bd3 b6 9. c3 Bb7 10. Qc2 h6 11. h4 d6 12. Neg5 Qe7 13. Bh7+ Kh8 14.
Bg8 Bxg5 15. Qh7# 1-0

[Event "*** SCC Grand Prix: Titled Tuesday Blitz"]
[Site "Chess.com"]
[Date "2020.07.07"]
[Round "4"]
[White "mamey78"]
[Black "ChessQueen"]
[Result "1-0"]
[WhiteElo "2455"]
[BlackElo "2652"]
[TimeControl "180+1"]
[EndTime "10:35:04 PDT"]
[Termination "mamey78 won by resignation"]

1. e4 c6 2. d4 d5 3. exd5 cxd5 4.
c4 Nf6 5. Nc3 Nc6 6. Nf3 a6 7.
cxd5 Nxd5 8. Bc4 Be6 9. Bb3 Nxc3 10. bxc3 Qc8 11. O-O Bxb3 12. axb3 e6 13. d5 exd5 14. Re1+ Be7 15. Ba3 O-O 16. Bxe7 1-0

[Event "*** SCC Grand Prix: Titled Tuesday Blitz"]
[Site "Chess.com"]
[Date "2020.07.07"]
[Round "4"]
[White "dawtonlms"]
[Black "FMKonstantin_Twitch"]
[Result "0-1"]
[WhiteElo "2377"]
[BlackElo "2562"]
[TimeControl "180+1"]
[EndTime "10:35:17 PDT"]
[Termination "FMKonstantin_Twitch won by resignation"]

1. e4 d5 2. exd5 Qxd5 3. Nc3 Qe6+ 4. Be2 Qg6 5. Bf3 Nc6 6. Nge2 Bf5 7. d3 O-O-O 8. Nf4 Qd6 9. O-O e5 10. Nfd5 Nd4 11.
Be4 Be6 12. f4 f5 13. Bf3 Nxf3+ 14. Qxf3 0-1

[Event "*** SCC Grand Prix: Titled Tuesday Blitz"]
[Site "Chess.com"]
[Date "2020.07.07"]
[Round "4"]
[White "chargemax23"]
[Black "Eltaj_Safarli"]
[Result "0-1"]
[WhiteElo "2685"]
[BlackElo "2925"]
[TimeControl "180+1"]
[EndTime "10:35:25 PDT"]
[Termination "Eltaj_Safarli won by resignation"]

1. c4 Nf6 2. Nc3 g6 3. g3 Bg7 4. Bg2 O-O 5. Nf3 d5 6. cxd5 Nxd5 7. O-O Nb6 8. d3 Nc6 9. Be3 e5 10. Rc1 Nd4 11. Nd2 c6 12. Nb3 Re8 13. Ne4 Bg4 14. Re1 Nd5 15. Bd2 Qe7 16. h3 Bf5 17.
a3 h6 18. Na5 Rad8 19. b4 Bc8 20. Qb3 Nxb3 0-1

[Event "*** SCC Grand Prix: Titled Tuesday Blitz"]
[Site "Chess.com"]
[Date "2020.07.07"]
[Round "4"]
[White "OhanyanEminChess"]
[Black "ZverevLev"]
[Result "1-0"]
[WhiteElo "2522"]
[BlackElo "2346"]
[TimeControl "180+1"]
[EndTime "10:35:28 PDT"]
[Termination "OhanyanEminChess won by resignation"]

1. e4 c5 2. Nf3 d6 3. Nc3 a6 4. d4 cxd4 5. Nxd4 Nf6 6. Bc4 e6 7. Bb3 Be7 8. f4 b5 9. f5 e5 10. Nde2 Bb7 11. O-O Nxe4 12. Nxe4 Bxe4 13. Ng3 Bb7 14. Qg4 Bf6 15. Nh5 Rg8 16. Nxf6+ Qxf6 17. Bg5 Kf8 18. Qh4 d5 19. Bxf6 Rh8 20. Be7+ 1-0

[Event "*** SCC Grand Prix: Titled Tuesday Blitz"]
[Site "Chess.com"]
[Date "2020.07.07"]
[Round "4"]
[White "novendrapriasmoro"]
[Black "BilodeauA"]
[Result "1/2-1/2"]
[WhiteElo "2652"]
[BlackElo "2837"]
[TimeControl "180+1"]
[EndTime "10:35:32 PDT"]
[Termination "Game drawn by agreement"]

1. e4 c5 2. Nf3 Nc6 3. Bb5 g6 4.
O-O Bg7 5. c3 Nf6 6. Re1 O-O 7. h3 e5 8. d4 cxd4 9. cxd4 Nxd4 10.
Nxd4 exd4 11. e5 Nd5 12. Qxd4 Nc7 13. Bd3 d5 14. Nc3 Be6 15. Bf4 b6 16. Rad1 h6 17. Bc2 Qe7 18. Bb3 Rfd8 19. Rd2 1/2-1/2

[Event "*** SCC Grand Prix: Titled Tuesday Blitz"]
[Site "Chess.com"]
[Date "2020.07.07"]
[Round "4"]
[White "OtherGabe"]
[Black "Klaus1995"]
[Result "1-0"]
[WhiteElo "2371"]
[BlackElo "1872"]
[TimeControl "180+1"]
[EndTime "10:35:50 PDT"]
[Termination "OtherGabe won by resignation"]

1. e4 c5 2. Nf3 d6 3. Bb5+ Nd7 4.
c3 Nf6 5. Qe2 e6 6. d4 Be7 7.
O-O O-O 8. Nbd2 a6 9. Bd3 b5 10. a4 b4 11. Nc4 Qc7 12. e5 dxe5 13. dxe5 Nd5 14. Qe4 g6 15. Bh6 Re8 16. Rfe1 bxc3 17. bxc3 Nxc3 18. Qxa8 Bb7 19. Qxe8+ 1-0

[Event "*** SCC Grand Prix: Titled Tuesday Blitz"]
[Site "Chess.com"]
[Date "2020.07.07"]
[Round "4"]
[White "dianamirza"]
[Black "fish7728"]
[Result "0-1"]
[WhiteElo "1956"]
[BlackElo "2175"]
[TimeControl "180+1"]
[EndTime "10:35:52 PDT"]
[Termination "fish7728 won by resignation"]

1. e4 c5 2. c4 e6 3. Nc3 a6 4. g3 Qc7 5. Bg2 Nf6 6. Nge2 d6 7. d3 Be7 8. Be3 O-O 9. O-O Nbd7 10. f4 Rb8 11.
Qd2 Ng4 12. h3 Nxe3 13. Qxe3 b5 14. b3 b4 15. Nd1 Bb7 16. g4 a5 17. f5 Bf6 18. Rb1 a4 19. g5 Be5 20. d4 cxd4 21.
Nxd4 Qc5 0-1